puck, lawful female human Valkyrie ----------- ----------------- |.........|.| |...|.........|.| | |.---.|.|.| |.---.---.---.|.| |.|...|...|.| |.....|...|.....| ---.|.|.---.|.| ---.----|.-------.| ..V@.|.|...|...| |.......|.| |.| -----------.---.--- |.-------%| |.| |...| |.|.......| |.| e ---.|----.|.-----------.| |.|.....|.|.......|...| |.|%-----.|.-----.|.--| I |..... .....|.....|...| e |...|. .---.|.|.-----.| |...| |.|.|.| |...| ... |.|.---.--- |.......| --------- puck the Skirmisher Experience level: 4 Strength: 18 Dexterity: 14 Constitution: 18 Intelligence: 7 Wisdom: 9 Charisma: 8 Health: 0(34) Energy: 6(6) Def: 6 Gold: 51 Moves: 2894 Dungeon seed: Crr4XPnXWBkcYU8f Game ID: puck_1559497408 Your Inventory: Coins $ - 51 gold pieces Weapons a - an uncursed +1 long sword (weapon in hand) b - 6 uncursed +0 daggers (in quiver) v - a blessed +0 crossbow w - 8 uncursed +0 crossbow bolts Armor e - an uncursed +3 small shield (being worn) n - an uncursed +0 orcish helm (being worn) q - a cursed -1 dwarvish cloak (being worn) y - an uncursed +0 pair of iron shoes (being worn) Comestibles c - 2 uncursed food rations k - an uncursed lichen corpse l - 2 uncursed bananas Potions r - a cursed potion of monster detection Scrolls i - an uncursed scroll of identify j - an uncursed scroll of remove curse t - an uncursed scroll of enchant weapon u - an uncursed scroll of teleportation Wands h - an uncursed wand of digging (0:3) Tools d - an uncursed oil lamp (lit) (0:45) m - an uncursed leash o - an uncursed skeleton key s - an uncursed +0 unicorn horn Gems z - an uncursed worthless piece of green glass N - an uncursed luckstone Spells and supernatural/magical abilities: Name Level Category Cost Memory W - pray for help -- divine ? -- Your skills at the end: Fighting Skills wands [Basic] Weapon Skills dagger [Basic] long sword [Skilled] Spellcasting Skills Final Attributes: You were piously aligned. You were immune to cold. You were poison resistant. You were telepathic. You were invisible. You were stealthy. You were lucky. You had extra luck. Bad luck did not time out for you. Good luck did not time out for you. You last prayed 427 turns ago. Tyr was noncommittal. You are dead. Vanquished creatures: a giant mummy an ettin mummy a giant beetle a wolf 3 gnome kings a housecat a dwarf lord a black unicorn 2 human zombies a rope golem a rock piercer a pony 11 gnome lords 3 gnomish wizards a golden naga hatchling a guardian naga hatchling a gray ooze 2 floating eyes 2 kittens 2 dwarves a homunculus 3 kobold shamans a centipede an orc zombie a dwarf zombie a gas spore a hobbit 4 manes a large kobold a hobgoblin 42 gnomes 7 garter snakes 4 gnome zombies a gecko 9 jackals a fox 2 goblins 2 sewer rats 6 grid bugs a bat 4 lichens a kobold zombie 3 newts 136 creatures vanquished. Voluntary challenges: You used a wielded weapon 188 times, starting on turn 110. You were illiterate. You never genocided any monsters. You never polymorphed an object. You never changed form. You used no wishes. You never split a pudding. You never wrote Elbereth's name. You violated your moral code, losing 50 points of alignment, starting on turn 480. Dungeon overview: The Dungeons of Doom: levels 1 to 2 Level 1 a long staircase Level 2 a fountain, a vault stairs to The Gnomish Mines The Gnomish Mines: levels 3 to 11 Level 3 stairs to The Dungeons of Doom Level 4 Level 5 many shops, a temple to Odin, some fountains Level 6 Level 7 Level 8 Level 9 Level 11 <- You were here History has recorded: On T:1 you entered the Dungeons of Doom to retrieve the Amulet of Yendor! On T:294 you reached level 2 of The Dungeons of Doom. On T:451 you advanced to experience level 2. On T:456 you reached level 1 of The Gnomish Mines. On T:484 you advanced to experience level 3. On T:568 you advanced to experience level 4. On T:910 you advanced to experience level 5. On T:964 you reached level 2 of The Gnomish Mines. On T:1138 you reached level 3 of The Gnomish Mines. On T:1312 you advanced to experience level 6. On T:1826 you reached level 4 of The Gnomish Mines. On T:2059 you advanced to experience level 7. On T:2198 you reached level 5 of The Gnomish Mines. On T:2225 you reached level 6 of The Gnomish Mines. On T:2499 you reached level 7 of The Gnomish Mines. On T:2751 you reached level 9 of The Gnomish Mines. Score breakdown: Gold: 51 ( 5837 points) Experience: 4 levels ( 9649 points) Exploration: 11 levels ( 23.91%) (14142 points) Discoveries: 8 items ( 3.20%) ( 5366 points) Valuables value: (no points given unless you survive) Artifact value: 0 ( 0 points) Variety of kills: 43 monsters ( 11.32%) (10091 points) Turncount: 2894 turns ( -546 points) Survival: died (score multiplied by 80%) Total score: 35631 Latest messages: You destroy the dwarf zombie! You stop exploring. You hit the vampire! Your oil lamp flickers considerably. You hit the vampire! The vampire bumps right into you! You hit the vampire! The vampire hits! The vampire bites! Farvel level 7. You feel slow! You must have lost speed. You hit the vampire! The vampire hits! The vampire bites! You hit the vampire! The vampire hits! The vampire bites! Farvel level 6. You hit the vampire! The vampire hits! The vampire bites! Farvel level 5. You miss the vampire. The vampire hits! You die... Final status: Farvel puck the Valkyrie, killed by a vampire... You died in The Gnomish Mines on dungeon level 11 with 35631 points, and 51 pieces of gold, after 2894 moves. You were level 4 with a maximum of 34 hit points when you died.